 Dungeon Crawl Stone Soup version 0.17.0-28-g6e173f8 (webtiles) character file.

1085 Avanven the Cleaver (level 8, -8/74 HPs)
             Began as a Hill Orc Berserker on Nov 22, 2015.
             Was an Elder of Trog.
             Killed from afar by a steam dragon (26 damage)
             ... with a ball of steam
             ... on level 5 of the Dungeon.
             The game lasted 00:06:42 (4200 turns).

Avanven the Cleaver (Hill Orc Berserker)            Turns: 4200, Time: 00:06:43

Health: -8/74      AC:  7    Str: 22    XL:     8   Next: 30%
Magic:  8/8        EV: 11    Int:  7    God:    Trog [****..]
Gold:   177        SH:  0    Dex: 10    Spells: 0 memorised, 7 levels left

rFire  . . .     SeeInvis .     a - +0 hand axe
rCold  . . .     Clarity  .     j - +0 ring mail
rNeg   . . .     SustAt   .     (no shield)
rPois  .         Gourm    .     r - +0 helmet
rElec  .         Spirit   .     (no cloak)
rCorr  .         Warding  .     u - +0 pair of gloves
rMut   .         Stasis   .     (no boots)
MR     .....                    (no amulet)
Stlth  ..........               (no ring)
                                (no ring)

@: not resistant to hostile enchantments, extremely unstealthy
A: no striking features
a: Berserk, Trog's Hand, Brothers in Arms, Burn Spellbooks, Renounce Religion


You were on level 5 of the Dungeon.
You worshipped Trog.
Trog was greatly pleased with you.
You were not hungry.

You visited 1 branch of the dungeon, and saw 5 of its levels.

You collected 177 gold pieces.

Inventory:

Hand Weapons
 a - a +0 hand axe (weapon)
Missiles
 t - 4 javelins (quivered)
Armour
 j - a +0 ring mail (worn)
 r - a +0 helmet (worn)
 u - a +0 pair of gloves (worn)
Jewellery
 e - an uncursed ring of fire
 v - a cursed ring of loudness {unknown}
Scrolls
 b - 2 scrolls of noise {unknown}
 d - 3 scrolls of identify
 f - 5 scrolls of teleportation {unknown}
 i - a scroll of enchant armour {unknown}
 l - a scroll of random uselessness {unknown}
 n - 4 scrolls of remove curse {unknown}
 w - a scroll of blinking {unknown}
Potions
 g - 2 potions of magic {unknown}
 h - a potion of haste {unknown}
 k - 3 potions of heal wounds {unknown}
 m - a potion of resistance {unknown}
 p - 2 potions of degeneration {unknown}
Comestibles
 c - 5 bread rations
 o - a meat ration
 q - 5 chunks of flesh
 s - a slice of pizza


   Skills:
 + Level 7.6 Fighting
 * Level 10.6 Axes
 - Level 2.1 Armour
 - Level 1.5 Dodging


You had 7 spell levels left.
You didn't know any spells.

Dungeon Overview and Level Annotations

Branches:
Dungeon (5/15)
 Temple: D:4-7

Altars:
Dithmenos
The Shining One


Message History

You hit the steam dragon.
The steam dragon is moderately wounded.
The steam dragon breathes steam at you. The ball of steam hits you!
You hear a shout!
You barely miss the steam dragon.
The steam dragon is moderately wounded.
You are engulfed in a cloud of scalding steam.
You hit the steam dragon.
The steam dragon is moderately wounded.
You are engulfed in a cloud of scalding steam.
The steam dragon breathes steam at you. The ball of steam hits you!
You slash the steam dragon!
The steam dragon is severely wounded.
You are engulfed in a cloud of scalding steam.
* * * LOW HITPOINT WARNING * * *
The steam dragon breathes steam at you. The ball of steam hits you!
You die...

#....#
#.............
#....#
###............
+...##
#.#............
#...#
#.####'#.......
....#
#..............
#.............#
#.............#
#..D..........#
#§##@.........
P≈###...#......
P.≈.
#...#......
≈..D..
#...#.....
.P.... #...# ..
#P.D.. #####
#≈...P


You could see a steam dragon.

Vanquished Creatures
  Sigmund (D:2)
  A hippogriff (D:4)
  A sky beast (D:5)
  An ogre (D:4)
  A water moccasin zombie (D:5)
  A water moccasin skeleton (D:5)
  A centaur zombie (D:5)
  A giant frog zombie (D:5)
  4 orc wizards
  A hound (D:4)
  2 worker ants
  2 hound zombies (D:5)
  A hound skeleton (D:5)
  3 gnolls (D:3)
  6 adders
  An ooze (D:2)
  4 worms
  An adder skeleton (D:4)
  3 giant geckos
  15 orcs
  7 giant cockroaches
  7 goblins
  13 hobgoblins
  15 jackals
  6 kobolds
  4 quokkas
  A ball python (D:5)
  11 bats
  A giant gecko skeleton (D:5)
  A giant gecko zombie (D:5)
  5 giant newts
  8 rats
130 creatures vanquished.

Vanquished Creatures (others)
  A fungus (D:5)
1 creature vanquished.

Grand Total: 131 creatures vanquished

Notes
Turn   | Place    | Note
--------------------------------------------------------------
     0 | D:1      | Avanven the Hill Orc Berserker began the quest for the Orb.
     0 | D:1      | Reached XP level 1. HP: 19/19 MP: 1/1
   118 | D:1      | Reached XP level 2. HP: 22/27 MP: 2/2
   749 | D:2      | Reached XP level 3. HP: 33/33 MP: 3/3
   752 | D:2      | Reached skill level 5 in Axes
   870 | D:2      | Reached ** piety under Trog
  1239 | D:2      | Reached XP level 4. HP: 34/41 MP: 4/4
  1582 | D:2      | Noticed Sigmund
  1596 | D:2      | Killed Sigmund
  1596 | D:2      | Reached *** piety under Trog
  1596 | D:2      | Reached skill level 5 in Fighting
  1596 | D:2      | Reached skill level 7 in Axes
  1596 | D:2      | Reached XP level 5. HP: 49/49 MP: 5/5
  1596 | D:2      | Reached XP level 6. HP: 56/56 MP: 6/6
  2101 | D:3      | Found a glowing golden altar of the Shining One.
  2110 | D:3      | You fall through a shaft for 2 floors!
  2110 | D:5      | Entered Level 5 of the Dungeon
  2121 | D:5      | Reached skill level 8 in Axes
  2122 | D:5      | Reached XP level 7. HP: 63/63 MP: 7/7
  2199 | D:5      | Reached skill level 9 in Axes
  2497 | D:4      | Noticed a hippogriff
  2503 | D:4      | Killed a hippogriff
  2503 | D:4      | Reached skill level 10 in Axes
  2503 | D:4      | Reached XP level 8. HP: 73/73 MP: 8/8
  2650 | D:3      | Reached **** piety under Trog
  2994 | D:3      | Found a shadowy altar of Dithmenos.
  4184 | D:5      | Noticed a steam dragon
  4184 | D:5      | Noticed a steam dragon
  4200 | D:5      | Killed from afar by a steam dragon

Action                   |  1- 3 |  4- 6 |  7- 9 || total
-------------------------+-------+-------+-------++-------
Melee: Hand axe          |   102 |    91 |   215 ||   408
Invok: Berserk           |     1 |     3 |     3 ||     7
  Use: Scroll            |       |       |     1 ||     1
  Eat: Chunk             |     2 |     5 |     6 ||    13
       Meat ration       |       |       |     1 ||     1
